 Dungeon Crawl Stone Soup version 0.19-a0-1732-g0b18a7b (webtiles) character file.

118 Ijustatesigmund the Magician (level 4, -1/21 HPs)
             Began as a Spriggan Wizard on Sept 30, 2016.
             Slain by a phantom (9 damage)
             ... on level 4 of the Dungeon.
             The game lasted 00:15:54 (3851 turns).

Ijustatesigmund the Magician (Spriggan Wizard)      Turns: 3851, Time: 00:15:54

Health: -1/21      AC:  2    Str:  3    XL:     4   Next: 72%
Magic:  4/12       EV: 20    Int: 20    God:
Gold:   160        SH:  0    Dex: 14    Spells: 5 memorised, 3 levels left

rFire  . . .     SeeInvis +     i - +0 short sword
rCold  . . .     Gourm    .     a - +0 robe
rNeg   . . .     Faith    .     (shield restricted)
rPois  .         Spirit   .     b - +0 hat
rElec  .         Dismiss  .     (no cloak)
rCorr  +         Reflect  .     (gloves unavailable)
MR     .....     Harm     .     (boots unavailable)
Stlth  ++........               (no amulet)
                                o - ring of resist corrosion
                                (no ring)

@: very quick
A: unfitting armour, see invisible, herbivore 3, speed 3, slow metabolism 2
a: no special abilities


You were on level 4 of the Dungeon.
You were not hungry.

You visited 1 branch of the dungeon, and saw 5 of its levels.

You collected 160 gold pieces.

Inventory:

Hand Weapons
 i - a +0 short sword (weapon)
 n - a +0 rapier
Armour
 a - a +0 robe (worn)
 b - a +0 hat (worn)
Jewellery
 e - an uncursed ring of fire
 o - a ring of resist corrosion (right hand)
Wands
 p - a wand of confusion (21/48)
Scrolls
 h - a scroll of fear
 j - a scroll of immolation
 r - a scroll of identify
 s - a scroll of teleportation
Potions
 f - 3 potions of curing {unknown}
 g - a potion of berserk rage {unknown}
 k - a potion of flight
 l - a potion of ambrosia
 q - a potion of lignification {unknown}
 t - a potion of resistance {unknown}
Books
 c - a book of Minor Magic

   Spells                             Type                      Level
   a - Magic Dart                     Conjuration                  1
   b - Blink                          Translocation                2
   c - Call Imp                       Summoning                    2
   d - Repel Missiles                 Charms/Air                   2
   e - Slow                           Hexes                        2
   f - Conjure Flame                  Conjuration/Fire             3
   g - Mephitic Cloud                 Conjuration/Poison/Air       3
Comestibles
 d - a bread ration
 m - 2 royal jellies


   Skills:
 - Level 2.1 Short Blades
 - Level 4.9 Dodging
 + Level 3.1 Stealth
 + Level 5.3 Spellcasting
 - Level 0.6 Conjurations
 - Level 0.7 Summonings
 - Level 1.5 Translocations


You had 3 spell levels left.
You knew the following spells:

 Your Spells              Type           Power        Failure   Level  Hunger
a - Magic Dart            Conj           #...         12%         1    None
b - Blink                 Tloc           N/A          12%         2    None
c - Repel Missiles        Chrm/Air       #.....       21%         2    None
d - Call Imp              Summ           #.......     14%         2    None
e - Mephitic Cloud        Conj/Pois/Air  #.......     30%         3    ##.....


Dungeon Overview and Level Annotations

Branches:
Dungeon (5/15)
 Temple: D:4-7

Altars:

Annotations:
D:2 Terence
D:3 Sigmund
D:4 Menkaure


Innate Abilities, Weirdness & Mutations

You are very small and have problems with some larger weapons.
You are too small for most types of armour.
You have supernaturally acute eyesight. (SInv)
You are a herbivore.
You cover ground extremely quickly.
You need consume almost no food.


Message History

Confirm with . or Enter, or press ? or * to list all spells.
Aiming: Magic Dart
Press: ? - help, Shift-Dir - straight line, f/p - phantom
Aim: a phantom (moderately damaged)
The magic dart hits the phantom.
The phantom is moderately damaged.
Casting: Magic Dart
Confirm with . or Enter, or press ? or * to list all spells.
Aiming: Magic Dart
Press: ? - help, Shift-Dir - straight line, f/p - phantom
Aim: a phantom (moderately damaged)
The magic dart hits the phantom.
The phantom is moderately damaged.
Your white imp gestures at the phantom.
The puff of frost hits the phantom.
The phantom resists.
The phantom hits you!
You hit the phantom but do no damage.
The phantom is moderately damaged.
Your white imp hits the phantom but does no damage.
The phantom hits you!
You die...

### #### #.# #.## #.# #.#.
##########.#### ### #.#.
..............# #.# #.#.
.S.........##.###.######### #.#.
######.###.##.............####...
.# #.# #.##.###5#######.#.##.#.
.# #.# #......@W#######.#.##.#.
.# ###.# #.##.##.................
####.#.###.##.##..#######.#.##.#.
(.a..............................
####.#.###.##..#..######.........
.....#.###.##..#..#######<#.#....
#.##.#...........................
#.##.......##..#..#######.#....#.
#.##.#.###.##..#..# #.#......


You could see a phantom and a friendly white imp.

Vanquished Creatures
  A worker ant (D:4)
  3 adders
  2 dart slugs (D:1)
  3 leopard geckos
  6 giant cockroaches
  4 goblins
  9 hobgoblins
  5 kobolds
  A quokka (D:4)
  5 bats
  2 frilled lizards (D:1)
  A leopard gecko skeleton (D:4)
  6 rats
48 creatures vanquished.

Vanquished Creatures (collateral kills)
  A worker ant (D:4)
  An ooze (D:4)
  4 jackals (D:4)
6 creatures vanquished.

Grand Total: 54 creatures vanquished

Notes
Turn   | Place    | Note
-------+----------+-------------------------------------------
     0 | D:1      | Ijustatesigmund the Spriggan Wizard began the quest for the Orb.
     0 | D:1      | Reached XP level 1. HP: 9/9 MP: 6/6
   436 | D:1      | Reached XP level 2. HP: 13/13 MP: 1/8
   798 | D:2      | Reached skill level 5 in Spellcasting
  1314 | D:1      | Learned a level 2 spell: Blink
  1317 | D:1      | Learned a level 2 spell: Repel Missiles
  1320 | D:1      | Learned a level 2 spell: Call Imp
  1406 | D:1      | Reached XP level 3. HP: 16/16 MP: 6/10
  2200 | D:2      | Noticed Terence
  2376 | D:2      | Reached skill level 1 in Short Blades
  2783 | D:3      | Reached XP level 4. HP: 21/21 MP: 9/12
  2868 | D:3      | Noticed Sigmund
  3051 | D:4      | Noticed Menkaure
  3114 | D:5      | Entered Level 5 of the Dungeon
  3119 | D:5      | Learned a level 3 spell: Mephitic Cloud
  3139 | D:5      | Noticed a sky beast
  3797 | D:4      | Noticed a phantom
  3851 | D:4      | Slain by a phantom

Vault maps used:
D:1:      lemuel_arrival_funnel
D:2:      minmay_stone_trees_medium, uniq_terence
D:3:      kennysheep_goblin_castle, lightli_sewer_entry_pipes,
          makhleb_heckhound_becter, uniq_sigmund
D:4:      uniq_menkaure, uniq_robin
D:5:      zin_academy, first_bread, nemelex_lonely_heart_becter

Skill      XL: |  1  2  3  4 |
---------------+-------------+-----
Spellcasting   | 5 |  5.3
Short Blades   | 1 2 |  2.1
Dodging        | 4 |  4.9
Stealth        | |  3.1
Conjurations   | |  0.6
Summonings     | |  0.7
Translocations | |  1.5

Action                   |  1- 3 |  4- 6 || total
-------------------------+-------+-------++-------
Melee: Short sword       |     3 |    13 ||    16
 Cast: Magic Dart        |   128 |    51 ||   179
       Repel Missiles    |     1 |       ||     1
       Call Imp          |     1 |    10 ||    11
       Blink             |       |     2 ||     2
  Use: Scroll            |     7 |       ||     7
       Potion            |       |     5 ||     5
 Stab: Sleeping          |     1 |       ||     1
Armor: Robe              |     2 |     1 ||     3
Dodge: Dodged            |    24 |    37 ||    61
       Deflected         |     1 |       ||     1
